 Dungeon Crawl Stone Soup version 0.25.0-15-gac7dcb8919 (webtiles) character file.

Game seed: 2719933907035700297

123 linguaignota the Poker (level 4, 0/33 HPs)
             Began as a Demonspawn Gladiator on June 29, 2020.
             Slain by an adder (1 damage)
             ... on level 3 of the Dungeon.
             The game lasted 00:03:15 (2727 turns).

linguaignota the Poker (Demonspawn Gladiator)       Turns: 2727, Time: 00:03:16

Health: 0/33       AC:  6    Str: 14 (15) XL:     4   Next: 79%
Magic:  0/4        EV: 12    Int:  7 (10) God:
Gold:   126        SH:  0    Dex: 13 (14) Spells: 3/3 levels left

rFire    . . .     SeeInvis .   a - +0 trident
rCold    . . .     Gourm    .   (no shield)
rNeg     . . .     Faith    .   b - +0 leather armour
rPois    .         Spirit   +   (helmet restricted)
rElec    .         Reflect  .   h - +0 cloak
rCorr    .         Harm     .   (no gloves)
MR       .....                  (no boots)
Stlth    +.........             (no amulet)
HPRegen  0.11/turn              (no ring)
MPRegen  0.09/turn              (no ring)

@: brilliant, lethally poisoned (0 -> -7), flying
A: antennae 1, molten scales 1, magic shield
a: no special abilities


You were on level 3 of the Dungeon.
You were not hungry.

You visited 1 branch of the dungeon, and saw 3 of its levels.

You collected 126 gold pieces.

Inventory:

Hand Weapons
 a - a +0 trident (weapon)
Missiles
 d - 3 throwing nets (quivered)
 g - 2 boomerangs
Armour
 b - a +0 leather armour (worn)
 h - a +0 cloak (worn)
 n - a +0 buckler
Scrolls
 c - a scroll of amnesia {unknown}
 e - 2 scrolls of identify {unknown}
 i - 2 scrolls of remove curse {unknown}
 k - a scroll of teleportation {unknown}
Comestibles
 f - 4 rations
 o - a chunk of flesh


   Skills:
 - Level 2.0 Fighting
 - Level 5.0 Polearms
 - Level 1.7 Throwing
 - Level 2.6 Dodging
 + Level 0.5 Shields


You had 3 spell levels left.
You didn't know any spells.
Your spell library contained the following spells:

 Spells                   Type           Power        Failure   Level  Hunger
 Confusing Touch          Hex            #.......     87%         3    None
 Gell's Gravitas          Tloc           #.........   87%         3    None
 Petrify                  Tmut/Erth      #.......     99%         4    None
 Metabolic Englaciation   Hex/Ice        #.........   100%        5    None
 Yara's Violent Unravell  Hex/Tmut       #.........   100%        5    None


Dungeon Overview and Level Annotations

Branches:
Dungeon (3/15)

Altars:


Innate Abilities, Weirdness & Mutations

You have a pair of small antennae on your head.
You are partially covered in molten scales. (AC +2)
When hurt, damage is shared between your health and your magic reserves.


Message History

* * * LOW HITPOINT WARNING * * *
You feel sick. The adder bites you.
* * * LOW HITPOINT WARNING * * *
Unknown command.
It was a potion of degeneration.
There was something very wrong with that liquid.
You feel weakened.
You feel dopey.
You feel clumsy. The adder bites you but does no damage.
The rat twitches its whiskers.
The adder closely misses you.
It was a potion of brilliance.
You feel clever all of a sudden.
* * * LOW HITPOINT WARNING * * *
You feel sick. The adder barely misses you.
Unknown command.
You hit the adder.
The adder is almost dead.
* * * LOW HITPOINT WARNING * * *
You feel sick. The adder bites you.
You die...

#### #... ## #..# #)#..#
#####################..#
................@Sl#..##
..###########.####gJr##{
....... #.# ###..#
....... #.# ##..#
.#...... #.# #..#
.#.###.##...#.# #..#
.#.# ##...#.###### #...
{ .#.#
#...+......#############
.#.#
...#.####.#........<..#


You could see an ooze, an adder, a hobgoblin, a frilled lizard and a rat.

Vanquished Creatures
  Jessica (D:2)
  4 adders (D:2)
  2 worms (D:3)
  2 dart slugs (D:1)
  An orc (D:3)
  7 bats
  4 giant cockroaches
  4 goblins
  4 hobgoblins
  4 jackals (D:1)
  A quokka (D:2)
  3 frilled lizards
  A jackal zombie (D:2)
  7 kobolds
  9 rats
54 creatures vanquished.

Notes
Turn   | Place    | Note
-------+----------+-------------------------------------------
     0 | D:1      | linguaignota the Demonspawn Gladiator began the quest for
                  | the Orb.
     0 | D:1      | Reached XP level 1. HP: 16/16 MP: 1/1
    50 | D:1      | Reached skill level 3 in Polearms
   147 | D:1      | Gained mutation: You are partially covered in molten
                  | scales. (AC +2) [demonic ancestry]
   147 | D:1      | Reached XP level 2. HP: 22/22 MP: 2/2
   787 | D:2      | Gained mutation: When hurt, damage is shared between your
                  | health and your magic reserves. [demonic ancestry]
   787 | D:2      | Reached XP level 3. HP: 23/27 MP: 3/3
   863 | D:2      | Noticed Jessica
   870 | D:2      | Killed Jessica
   870 | D:2      | Reached skill level 4 in Polearms
  1114 | D:2      | Gained mutation: You have a pair of small antennae on your
                  | head. [demonic ancestry]
  1114 | D:2      | Reached XP level 4. HP: 20/33 MP: 2/4
  2413 | D:3      | Reached skill level 5 in Polearms
  2726 | D:3      | HP: 1/33 [poisoned by an adder]
  2727 | D:3      | Slain by an adder

Illustrated notes

Levels and vault maps discovered:
D:1:      nzn_arrival_water_spiral, layout_basic
D:2:      layout_basic, nrook_uturn, uniq_jessica
D:3:      minmay_diamond_boxcup, layout_basic, first_ration

Skill      XL: |  1  2  3  4 |
---------------+-------------+-----
Polearms       | 3 4 5 |  5.0
Fighting       | |  2.0
Throwing       | |  1.7
Dodging        | |  2.6
Shields        | |  0.5

Action                   |  1- 3 |  4- 6 || total
-------------------------+-------+-------++-------
Melee: Trident           |    96 |    95 ||   191
  Use: Potion            |       |     3 ||     3
 Stab: Sleeping          |       |     1 ||     1
  Eat: Chunk             |     1 |     5 ||     6
Armor: Leather armour    |    29 |    28 ||    57
Dodge: Dodged            |    47 |    48 ||    95
